PL
CLEVELAND BROWNS @ GREENVILLE 84S
09/02/2042
 
TOP OF THE 1ST
Cleveland Browns batting - Pitching for Greenville 84s : LHP Ratko Peric
Pitching: LHP Ratko Peric
Batting: RHB Roberto Vázquez 0-0: Foul Ball, location: 2F
0-1: Ball
1-1: SINGLE (Groundball, 56D, EV 96.9 MPH)
Batting: RHB Zahid Kashani 0-0: Ball
Roberto Vázquez is caught stealing 2nd base 2-4
1-0: Called Strike
1-1: Swinging Strike
1-2: Ball
2-2: Ball
3-2: Strikes out swinging, 2-3 out at first.
Batting: RHB Meester Gobbles-Rooster 0-0: Fly out, F4 (Popup, 23, EV 92.5 MPH)
Top of the 1st over - 0 runs, 1 hit, 0 errors, 0 left on base; Cleveland 0 - Greenville 0
BOTTOM OF THE 1ST
Greenville 84s batting - Pitching for Cleveland Browns : RHP Tim Walker
Pitching: RHP Tim Walker
Batting: LHB Lung Chaim 0-0: Ground out 1-3 (Groundball, 13S, EV 75.6 MPH)
Batting: RHB António Macías 0-0: Foul Ball, location: 2F
0-1: Called Strike
0-2: Ball
1-2: Fly out, F6 (Popup, 6MD, EV 68.1 MPH)
Batting: LHB Craig Woods 0-0: Ball
1-0: Called Strike
1-1: Fly out, F7 (Flyball, 7LM, EV 105.6 MPH)
Bottom of the 1st over - 0 runs, 0 hits, 0 errors, 0 left on base; Cleveland 0 - Greenville 0
TOP OF THE 2ND
Cleveland Browns batting - Pitching for Greenville 84s : LHP Ratko Peric
Batting: RHB Tom Camden 0-0: Called Strike
0-1: Swinging Strike
0-2: Strikes out swinging
Batting: LHB Ruud van Ineveld 0-0: Foul Ball, location: 2F
0-1: Fly out, F8 (Line Drive, 8LM, EV 103.1 MPH)
Batting: SHB Jhett Larson 0-0: Ball
1-0: Fly out, F8 (Flyball, 89S, EV 89.4 MPH)
Top of the 2nd over - 0 runs, 0 hits, 0 errors, 0 left on base; Cleveland 0 - Greenville 0
BOTTOM OF THE 2ND
Greenville 84s batting - Pitching for Cleveland Browns : RHP Tim Walker
Batting: LHB Philip Visscher 0-0: Called Strike
0-1: Foul Ball, location: 2F
0-2: Strikes out swinging
Batting: RHB Ángelo Delgado 0-0: Called Strike
0-1: Foul Ball, location: 2F
0-2: Ball
1-2: Ball
2-2: Foul Ball, location: 2F
2-2: SOLO HOME RUN (Flyball, 7D, EV 105.6 MPH), Distance : 376 ft
Batting: LHB Vicente Gonzáles 0-0: Foul Ball, location: 2F
0-1: Ball
1-1: Ball
2-1: Swinging Strike
2-2: Strikes out swinging
Batting: RHB António Etxebarria 0-0: Foul Ball, location: 2F
0-1: Foul Ball, location: 2F
0-2: Ball
1-2: Ball
2-2: Ball
3-2: Strikes out swinging
Bottom of the 2nd over - 1 run, 1 hit, 0 errors, 0 left on base; Cleveland 0 - Greenville 1
TOP OF THE 3RD
Cleveland Browns batting - Pitching for Greenville 84s : LHP Ratko Peric
Batting: LHB Bob Giles 0-0: Ball
1-0: Ball
2-0: Called Strike
2-1: DOUBLE (Groundball, 5L, EV 98.8 MPH)
Batting: RHB Paco González 0-0: Called Strike
0-1: Ball
1-1: SINGLE (Flyball, 7LS, EV 86.9 MPH)
Bob Giles to third
Batting: LHB Pedro Durán 0-0: Called Strike
0-1: Called Strike
0-2: Strikes out swinging
Batting: RHB Roberto Vázquez 0-0: Called Strike
0-1: Ball
1-1: Ball
2-1: Fly out, F9 (Flyball, 89D, EV 98.1 MPH)
Runner from 3rd tags up, SCORES, throw by RF
Batting: RHB Zahid Kashani 0-0: Ball
1-0: Foul Ball, location: 2F
1-1: Called Strike
1-2: Ball
2-2: Strikes out swinging
Top of the 3rd over - 1 run, 2 hits, 0 errors, 1 left on base; Cleveland 1 - Greenville 1
BOTTOM OF THE 3RD
Greenville 84s batting - Pitching for Cleveland Browns : RHP Tim Walker
Batting: LHB Quincy Wass 0-0: Ball
1-0: Swinging Strike
1-1: Swinging Strike
1-2: Ball
2-2: Strikes out swinging
Batting: RHB Marcos Luna 0-0: Ball
1-0: Foul Ball, location: 2F
1-1: Ball
2-1: SINGLE (Line Drive, 56, EV 100.6 MPH)
Batting: LHB Lung Chaim 0-0: Called Strike
0-1: Swinging Strike
0-2: Ball
1-2: Foul Ball, location: 2F
1-2: Ball
2-2: Fly out, F8 (Flyball, 8RM, EV 82.5 MPH)
Batting: RHB António Macías 0-0: Ball
1-0: DOUBLE (Line Drive, 8LXD, EV 107.5 MPH)
Marcos Luna to third
Batting: LHB Craig Woods 0-0: Ball
1-0: Called Strike
1-1: Swinging Strike
1-2: Foul Ball, location: 2F
1-2: Ground out 4-3 (Groundball, 4, EV 102.5 MPH)
Bottom of the 3rd over - 0 runs, 2 hits, 0 errors, 2 left on base; Cleveland 1 - Greenville 1
TOP OF THE 4TH
Cleveland Browns batting - Pitching for Greenville 84s : LHP Ratko Peric
Batting: RHB Meester Gobbles-Rooster 0-0: Swinging Strike
0-1: Ball
1-1: Ball
2-1: Foul Ball, location: 2F
2-2: Strikes out swinging
Batting: RHB Tom Camden 0-0: Ball
1-0: Foul Ball, location: 2F
1-1: Called Strike
1-2: DOUBLE (Flyball, 8RXD, EV 110.0 MPH)
Batting: LHB Ruud van Ineveld 0-0: Called Strike
0-1: SINGLE (Line Drive, 56, EV 106.9 MPH)
Tom Camden to third
Runner from 3rd tries for Home, SAFE, no throw by LF
Batting: SHB Jhett Larson 0-0: Ball
1-0: Called Strike
1-1: Foul Ball, location: 2F
1-2: Ball
2-2: Strikes out swinging
Batting: LHB Bob Giles 0-0: Ball
1-0: Called Strike
1-1: Swinging Strike
1-2: Foul Ball, location: 2F
1-2: Strikes out swinging
Top of the 4th over - 1 run, 2 hits, 0 errors, 1 left on base; Cleveland 2 - Greenville 1
BOTTOM OF THE 4TH
Greenville 84s batting - Pitching for Cleveland Browns : RHP Tim Walker
Batting: LHB Philip Visscher 0-0: Ball
1-0: Ball
2-0: Swinging Strike
2-1: Foul Ball, location: 2F
2-2: SINGLE (Groundball, 4MD, EV 96.2 MPH)
Batting: RHB Ángelo Delgado 0-0: 2-RUN HOME RUN (Flyball, 7D, EV 111.2 MPH), Distance : 377 ft
Batting: LHB Vicente Gonzáles 0-0: Ball
1-0: Foul Ball, location: 2F
1-1: Swinging Strike
1-2: Strikes out looking
Batting: RHB António Etxebarria 0-0: Called Strike
0-1: Called Strike
0-2: Strikes out swinging
Batting: LHB Quincy Wass 0-0: Foul Ball, location: 2F
0-1: Foul Ball, location: 2F
0-2: Ball
1-2: Fly out, F9 (Line Drive, 9D, EV 90.6 MPH)
Bottom of the 4th over - 2 runs, 2 hits, 0 errors, 0 left on base; Cleveland 2 - Greenville 3
TOP OF THE 5TH
Cleveland Browns batting - Pitching for Greenville 84s : LHP Ratko Peric
Batting: RHB Paco González 0-0: Ball
1-0: Foul Ball, location: 2F
1-1: Foul Ball, location: 2F
1-2: SINGLE (Groundball, 34D, EV 96.2 MPH)
Batting: LHB Pedro Durán 0-0: Called Strike
0-1: Ball
1-1: Ball
2-1: Swinging Strike
2-2: Strikes out looking
Batting: RHB Roberto Vázquez 0-0: Grounds into double play, 5-4-3 (Groundball, 56S, EV 93.1 MPH)
Top of the 5th over - 0 runs, 1 hit, 0 errors, 0 left on base; Cleveland 2 - Greenville 3
BOTTOM OF THE 5TH
Greenville 84s batting - Pitching for Cleveland Browns : RHP Tim Walker
Batting: RHB Marcos Luna 0-0: Ball
1-0: Called Strike
1-1: Foul Ball, location: 2F
1-2: Ball
2-2: Ground out 4-3 (Groundball, 4, EV 85.0 MPH)
Batting: LHB Lung Chaim 0-0: Ball
1-0: Called Strike
1-1: SINGLE (Line Drive, 7LS, EV 90.0 MPH)
Batting: RHB António Macías 0-0: Ball
Lung Chaim is caught stealing 2nd base 2-4
1-0: Ball
2-0: Called Strike
2-1: Foul Ball, location: 2F
2-2: Foul Ball, location: 2F
2-2: Strikes out swinging wild pitch, reaches first!
Batting: LHB Craig Woods 0-0: Ball
1-0: Swinging Strike
1-1: Swinging Strike
1-2: Ball
2-2: Strikes out swinging
Bottom of the 5th over - 0 runs, 1 hit, 0 errors, 1 left on base; Cleveland 2 - Greenville 3
TOP OF THE 6TH
Cleveland Browns batting - Pitching for Greenville 84s : LHP Ratko Peric
Batting: RHB Zahid Kashani 0-0: Ball
1-0: Called Strike
1-1: SINGLE (Line Drive, 6MD, EV 103.8 MPH)
Batting: RHB Meester Gobbles-Rooster 0-0: Ball
1-0: Ball
2-0: Foul Ball, location: 2F
2-1: Foul Ball, location: 2F
2-2: Ball
3-2: Strikes out swinging
Pitching: RHP Job Janssen
Batting: RHB Tom Camden 0-0: Ball
1-0: Ball
2-0: Ball
3-0: Called Strike
3-1: TRIPLE (Flyball, 89XD, EV 95.6 MPH)
Zahid Kashani scores
Batting: LHB Ruud van Ineveld 0-0: Ball
1-0: Ball
2-0: Called Strike
2-1: Fly out, F7 (Flyball, 7LS, EV 87.5 MPH)
Batting: SHB Jhett Larson 0-0: Ground out U3 (Groundball, 3, EV 101.2 MPH)
Top of the 6th over - 1 run, 2 hits, 0 errors, 1 left on base; Cleveland 3 - Greenville 3
BOTTOM OF THE 6TH
Greenville 84s batting - Pitching for Cleveland Browns : RHP Tim Walker
Pitching: RHP Damien Morin
Batting: LHB Philip Visscher 0-0: Ball
1-0: Ball
2-0: Swinging Strike
2-1: Ball
3-1: Base on Balls
Batting: RHB Ángelo Delgado 0-0: Ball
1-0: Foul Ball, location: 2F
1-1: Ball
2-1: Ball
3-1: Base on Balls
Philip Visscher to second
Batting: LHB Vicente Gonzáles 0-0: Bunted foul
0-1: Bunted foul
0-2: Foul Ball, location: 2F
0-2: Foul Ball, location: 2F
0-2: Ball
1-2: Ball
2-2: Ball
3-2: Foul Ball, location: 2F
3-2: SINGLE (Groundball, 3, EV 91.2 MPH) (infield hit)
Philip Visscher to third
Ángelo Delgado to second
Batting: RHB António Etxebarria 0-0: Ball
1-0: Foul Ball, location: 2F
1-1: Ball
2-1: Swinging Strike
2-2: Foul Ball, location: 2F
2-2: Foul Ball, location: 2F
2-2: GRAND SLAM HOME RUN (Flyball, 7D, EV 102.5 MPH), Distance : 365 ft
Pitching: RHP Lorenzo Encarnación
Batting: LHB Quincy Wass 0-0: Foul Ball, location: 2F
0-1: Foul Ball, location: 2F
0-2: Ball
1-2: Ball
2-2: Foul Ball, location: 2F
2-2: SINGLE (Groundball, 4MD, EV 95.0 MPH)
Batting: RHB Marcos Luna 0-0: Called Strike
0-1: Bunted foul
0-2: Foul Ball, location: 2F
0-2: Ball
1-2: Ball
2-2: Fly out, F8 (Flyball, 8LD, EV 92.5 MPH)
Batting: LHB Lung Chaim 0-0: Foul Ball, location: 2F
0-1: Ball
1-1: Ball
2-1: Fly out, F9 (Flyball, 9, EV 88.8 MPH)
Batting: RHB António Macías 0-0: Ball
1-0: Ball
2-0: Foul Ball, location: 2F
2-1: Ball
3-1: Foul Ball, location: 2F
3-2: Foul Ball, location: 2F
3-2: Fly out, F7 (Flyball, 7LS, EV 90.6 MPH)
Bottom of the 6th over - 4 runs, 3 hits, 0 errors, 1 left on base; Cleveland 3 - Greenville 7
TOP OF THE 7TH
Cleveland Browns batting - Pitching for Greenville 84s : RHP Job Janssen
Batting: LHB Bob Giles 0-0: Ball
1-0: Foul Ball, location: 2F
1-1: Foul Ball, location: 2F
1-2: Strikes out looking
Batting: RHB Paco González 0-0: Ball
1-0: Ball
2-0: Called Strike
2-1: Ground out 6-3 (Groundball, 6, EV 89.4 MPH)
Batting: LHB Pedro Durán 0-0: Called Strike
0-1: SINGLE (Line Drive, 78S, EV 111.2 MPH)
Batting: RHB Roberto Vázquez 0-0: Fielders Choice at 2nd, 5-4 (Groundball, 5, EV 79.4 MPH)
Top of the 7th over - 0 runs, 1 hit, 0 errors, 1 left on base; Cleveland 3 - Greenville 7
BOTTOM OF THE 7TH
Greenville 84s batting - Pitching for Cleveland Browns : RHP Lorenzo Encarnación
Batting: LHB Craig Woods 0-0: Ball
1-0: Called Strike
1-1: Foul Ball, location: 2F
1-2: Ball
2-2: Foul Ball, location: 2F
2-2: SINGLE (Groundball, 4, EV 105.6 MPH) (infield hit)
Pitching: LHP Stephen Palmer
Batting: LHB Philip Visscher 0-0: Foul Ball, location: 2F
0-1: Foul Ball, location: 2F
0-2: Grounds into double play, 4-6-3 (Groundball, 3, EV 90.0 MPH)
Batting: RHB Ángelo Delgado 0-0: Called Strike
0-1: Called Strike
0-2: Ball
1-2: Foul Ball, location: 2F
1-2: Ball
2-2: Ball
3-2: Base on Balls
Batting: LHB Vicente Gonzáles 0-0: Ball
1-0: Foul Ball, location: 2F
1-1: Ball
2-1: Swinging Strike
2-2: Strikes out swinging
Bottom of the 7th over - 0 runs, 1 hit, 0 errors, 1 left on base; Cleveland 3 - Greenville 7
TOP OF THE 8TH
Cleveland Browns batting - Pitching for Greenville 84s : RHP Job Janssen
Batting: RHB Zahid Kashani 0-0: Called Strike
0-1: Foul Ball, location: 2F
0-2: Ball
1-2: Ball
2-2: Foul Ball, location: 2F
2-2: Ball
3-2: Foul Ball, location: 2F
3-2: Foul Ball, location: 2F
3-2: SINGLE (Groundball, 56D, EV 100.6 MPH)
Pitching: RHP Rubén Vázquez
Batting: RHB Meester Gobbles-Rooster 0-0: Fly out, F9 (Flyball, 9LSF, EV 99.4 MPH)
Batting: RHB Tom Camden 0-0: Ball
1-0: Swinging Strike
1-1: Called Strike
1-2: Foul Ball, location: 2F
1-2: Fly out, F8 (Flyball, 89S, EV 92.5 MPH)
Batting: LHB Ruud van Ineveld 0-0: Fly out, F6 (Popup, 6MS, EV 82.5 MPH)
Top of the 8th over - 0 runs, 1 hit, 0 errors, 1 left on base; Cleveland 3 - Greenville 7
BOTTOM OF THE 8TH
Greenville 84s batting - Pitching for Cleveland Browns : LHP Stephen Palmer
Batting: RHB António Etxebarria 0-0: Called Strike
0-1: SINGLE (Line Drive, 56, EV 95.6 MPH)
Batting: LHB Quincy Wass 0-0: Called Strike
0-1: Foul Ball, location: 2F
0-2: Strikes out swinging
Batting: RHB Marcos Luna 0-0: TRIPLE (Flyball, 9LD, EV 103.1 MPH)
António Etxebarria scores
Batting: LHB Lung Chaim 0-0: Ball
1-0: Fly out, F9 (Line Drive, 9, EV 88.1 MPH)
Batting: RHB António Macías 0-0: Ball
1-0: Foul Ball, location: 2F
1-1: Swinging Strike
1-2: Ball
2-2: Strikes out swinging
Bottom of the 8th over - 1 run, 2 hits, 0 errors, 1 left on base; Cleveland 3 - Greenville 8
TOP OF THE 9TH
Cleveland Browns batting - Pitching for Greenville 84s : RHP Rubén Vázquez
Batting: SHB Jhett Larson 0-0: Ball
1-0: Ball
2-0: Ball
3-0: Base on Balls
Batting: LHB Bob Giles 0-0: Called Strike
0-1: Foul Ball, location: 2F
0-2: Ball
1-2: Ball
2-2: Strikes out looking
Batting: RHB Paco González 0-0: Ball
1-0: Ball
2-0: Swinging Strike
2-1: Fielders Choice at 2nd, 1-6 (Groundball, 13S, EV 71.2 MPH)
Batting: LHB Pedro Durán 0-0: Foul Ball, location: 2F
0-1: Swinging Strike
0-2: Foul Ball, location: 2F
0-2: Fielders Choice at 2nd, 5-4 (Groundball, 5, EV 100.0 MPH)
Top of the 9th over - 0 runs, 0 hits, 0 errors, 1 left on base; Cleveland 3 - Greenville 8
Friday, March 26th, 2021 - OOTP Baseball 20.8 Build 74